 Dungeon Crawl Stone Soup version 0.22-a0-48-g8770677 (webtiles) character file.

35 KristoblXynda the Slasher (level 3, -1/32 HPs)
             Began as a Naga Gladiator on Jan 7, 2018.
             Slain by a quokka (4 damage)
             ... on level 2 of the Dungeon.
             The game lasted 00:01:38 (440 turns).

KristoblXynda the Slasher (Naga Gladiator)           Turns: 440, Time: 00:01:38

Health: -1/32      AC:  3    Str: 16    XL:     3   Next: 33%
Magic:  3/3        EV: 10    Int:  9    God:
Gold:   9          SH:  0    Dex: 12    Spells: 2/2 levels left

rFire    . . .     SeeInvis +   a - +0 long sword
rCold    . . .     Gourm    .   (no shield)
rNeg     . . .     Faith    .   b - +0 leather armour
rPois    +         Spirit   .   c - +0 helmet
rElec    .         Reflect  .   (no cloak)
rCorr    .         Harm     .   (no gloves)
MR       .....                  (no barding)
Stlth    +.........             (no amulet)
HPRegen  0.10/turn              (no ring)
MPRegen  0.08/turn              (no ring)

@: very slow
A: large, see invisible, deformed body, poison resistance, slowness 2, slow
metabolism 1, spit poison 1, AC +1
a: Spit Poison


You were on level 2 of the Dungeon.
You were not hungry.

You visited 1 branch of the dungeon, and saw 2 of its levels.

You collected 9 gold pieces.

Inventory:

Hand Weapons
 a - a +0 long sword (weapon)
Missiles
 d - 3 throwing nets (quivered)
Armour
 b - a +0 leather armour (worn)
 c - a +0 helmet (worn)
Scrolls
 e - a scroll of amnesia {unknown}
Potions
 g - 2 potions of flight {unknown}
Comestibles
 f - 2 rations


   Skills:
 - Level 2.0 Fighting
 + Level 3.4 Long Blades
 + Level 2.4 Throwing
 + Level 2.8 Dodging


You had 2 spell levels left.
You didn't know any spells.

Dungeon Overview and Level Annotations

Branches:
Dungeon (2/15)

Altars:


Innate Abilities, Weirdness & Mutations

You cannot wear boots.
Your serpentine skin is tough. (AC +1)
You have supernaturally acute eyesight. (SInv)
Armour fits poorly on your strangely shaped body.
Your system is resistant to poisons. (rPois)
You cover ground very slowly.
You have a slow metabolism.
You can spit poison.


Message History

The kobold completely misses you.
You see here a kobold corpse.
The quokka misses you. The quokka bites you.
You see here a murky orange potion.
You hit the kobold.
The kobold is heavily wounded.
The frilled lizard bites you. The quokka bites you.
The kobold hits you with a club. The frilled lizard misses you.
You riposte.
You miss the frilled lizard. The quokka bites you.
* * * LOW HITPOINT WARNING * * *
You hit the quokka but do no damage. The kobold hits you with a club.
* * * LOW HITPOINT WARNING * * *
The quokka bites you but does no damage.
The frilled lizard closely misses you.
Unknown command.
You closely miss the quokka. The quokka barely misses you.
The kobold hits you with a club.
* * * LOW HITPOINT WARNING * * *
The frilled lizard misses you. The quokka bites you.
You die...

..................#
.###..............#
#........#######
#...)....#
#........#
#####...†(...###
......).(.......
.......Kr.......
......l@.....)..
................
................
................
.........(......
......##########
...... ......


You could see a quokka, a kobold and a frilled lizard.

Vanquished Creatures
  An adder (D:2)
  An ooze (D:2)
  A worm (D:2)
  4 bats
  4 goblins (D:1)
  2 hobgoblins (D:2)
  2 kobolds
  A frilled lizard (D:2)
  2 rats (D:1)
18 creatures vanquished.

Notes
Turn   | Place    | Note
-------+----------+-------------------------------------------
     0 | D:1      | KristoblXynda the Naga Gladiator began the quest for the Orb.
     0 | D:1      | Reached XP level 1. HP: 19/19 MP: 1/1
   182 | D:1      | Reached XP level 2. HP: 26/26 MP: 2/2
   424 | D:2      | Reached XP level 3. HP: 27/32 MP: 3/3
   440 | D:2      | Slain by a quokka

Vault maps used:
D:1:      lightli_molten_gateway, kennysheep_flooded_box,
          kennysheep_nondescript, minmay_misc_feat_four_crosses
D:2:      first_ration

Skill      XL: |  1 |
---------------+----+-----
Throwing       | 2 |  2.4
Fighting       | |  2.0
Long Blades    | |  3.4
Dodging        | |  2.8

Action                   || total
-------------------------++-------
Melee: Long sword        ||    37
 Abil: Spit Poison       ||     8
Armor: Leather armour    ||    24
Dodge: Dodged            ||    47
       Rpst.: Long sword ||    15

Table legend:
 A = Spawn XP
 B = Non-spawn XP
 C = Spawn XP percentage of total XP
 D = Spawn monster count
 E = Non-spawn monster count
 F = Spawn count percentage of total count
 G = Total turns spent on level
                    A         B        C        D         E        F      G
               +---------+---------+-------+---------+---------+-------+---------
         Total |       0 |      50 |   0.0 |       0 |      18 |   0.0 |   440
               +---------+---------+-------+---------+---------+-------+---------
           D:1 |       0 |      17 |   0.0 |       0 |      10 |   0.0 |   375
           D:2 |       0 |      33 |   0.0 |       0 |       8 |   0.0 |    65
               +---------+---------+-------+---------+---------+-------+---------
